AoeStats
← waLLefps.

Arabia

504017483Analyzed
1v1 RM · 1mo ago on Sep 3, 2026· 64m 4s· 2 players
Game mode
Random Map
Map size
Tiny (2 player)
Population
200
Speed
Normal
Resources
Standard
Victory
Conquest
Starting age
Dark Age
Ending age
Imperial Age
RankedLock teamsTeams togetherTeam positionsShared explorationLock speedFull tech treeHidden civsTurbo modeCheats
Victory
Defeat
🇨🇳 Khmer · China
1337
+19
🇹🇷 Inca · Türkiye
1404
-19
今天你被刀了吗
6:18 Loom
9:09 Feudal Age
9:47 Double-Bit Axe
10:22 Horse Collar
12:10 Wheelbarrow
16:04 Fletching
17:03 Bloodlines
23:23 Castle Age
23:54 Forging
23:51 Scale Barding Armor
24:09 Light Cavalry
25:55 Husbandry
26:15 Bow Saw
28:11 Heavy Plow
35:05 Bodkin Arrow
35:11 Padded Archer Armor
39:41 Imperial Age
37:04 Town Watch
36:56 Crossbowman
37:53 Leather Archer Armor
38:14 Iron Casting
38:20 Chain Barding Armor
41:10 Conscription
40:14 Elite Ballista Elephant
41:14 Bracer
41:45 Ballistics
42:26 Chemistry
42:42 Hand Cart
43:39 Crop Rotation
42:58 Arbalester
43:54 Double Crossbow
44:20 Town Patrol
44:53 Ring Archer Armor
45:18 Masonry
45:03 Gold Mining
45:03 Stone Mining
46:15 Blast Furnace
45:54 Plate Barding Armor
46:13 Devotion
46:52 Hoardings
45:45 Elite Skirmisher
47:58 Gold Shaft Mining
47:59 Stone Shaft Mining
47:57 Parthian Tactics
48:11 Tusk Swords
52:18 Scale Mail Armor
55:56 Heavy Scorpion
60:06 Hussar
63:42 Architecture
waLLefps.
7:09 Loom
9:25 Feudal Age
10:09 Double-Bit Axe
10:08 Champi Runner
13:45 Scale Mail Armor
20:11 Fletching
20:50 Horse Collar
22:12 Forging
27:55 Castle Age
28:20 Champi Warrior
28:20 Pikeman
29:01 Squires
35:58 Wheelbarrow
36:17 Town Watch
36:57 Chain Mail Armor
37:18 Iron Casting
40:55 Sanctity
44:48 Imperial Age
42:35 Hand Cart
44:51 Elite Champi Warrior
46:07 Plate Mail Armor
46:39 Blast Furnace
46:00 Halberdier
47:35 Capped Ram
51:50 Bow Saw
51:40 Heavy Plow
52:38 Murder Holes
54:03 Conscription
56:59 Block Printing
58:25 Thumb Ring
58:26 Bodkin Arrow
60:48 Chemistry
59:40 Siege Ram
64:35 Bracer
Connection lost

Rejoining the realm…

Still unreachable

The connection could not be restored.

Session expired

The server has moved on; the page needs a fresh start.